 Dungeon Crawl Stone Soup version 0.22-a0-362-g535178c (webtiles) character file.

70 Kikal the Gusty (level 4, -4/18 HPs)
             Began as a Felid Air Elementalist on Apr 18, 2018.
             Killed by nerve-wracking pain
             ... invoked by Megalobster's ghost
              (11 damage)
             ... on level 3 of the Dungeon on Apr 19, 2018.
             The game lasted 00:12:06 (3886 turns).

Kikal the Gusty (Felid Air Elementalist)            Turns: 3886, Time: 00:12:07

Health: -4/18      AC:  1    Str:  4    XL:     4   Next: 3%
Magic:  1/8        EV: 33    Int: 17    God:
Gold:   118        SH:  0    Dex: 16    Spells: 4/8 levels left
                                        Lives:  0   Deaths: 1

rFire    . . .     SeeInvis +   (weapon unavailable)
rCold    . . .     Gourm    .   (shield unavailable)
rNeg     . . .     Faith    .   (armour unavailable)
rPois    .         Spirit   .   (helmet unavailable)
rElec    .         Reflect  .   (cloak unavailable)
rCorr    .         Harm     .   (gloves unavailable)
MR       .....                  (boots unavailable)
Stlth    ++........             g - amulet of the acrobat
HPRegen  0.06/turn              a - ring of loudness (curse)
MPRegen  0.11/turn              (no ring)

@: lethally poisoned (-4 -> -14), quick
A: very small, no armour, no weapons or thrown items, stealth, claws 1, fangs 3,
see invisible, carnivore, speed 1, shaggy fur 1, slow metabolism 1, sharp paws
a: no special abilities


You were on level 3 of the Dungeon.
You were full.

You visited 1 branch of the dungeon, and saw 3 of its levels.

You collected 118 gold pieces.

Inventory:

Jewellery
 a - a cursed ring of loudness (left paw)
 g - an amulet of the acrobat (around neck)
 l - an uncursed ring of fire {unknown}
Wands
 k - a wand of paralysis (8)
Scrolls
 c - 4 scrolls of remove curse {unknown}
 d - 3 scrolls of identify {unknown}
 e - a scroll of random uselessness {unknown}
 f - a scroll of teleportation {unknown}
 m - 2 scrolls of amnesia {unknown}
 n - a scroll of blinking {unknown}
 p - a scroll of enchant weapon {unknown}
Potions
 h - a potion of cancellation {unknown}
 i - a potion of mutation {unknown}
 j - a potion of berserk rage {unknown}
 o - a potion of brilliance {unknown}
Comestibles
 b - 7 rations


   Skills:
 - Level 2.6 Dodging
 - Level 2.6 Stealth
 + Level 2.5 Spellcasting
 * Level 2.8 Conjurations
 * Level 4.0 Air Magic


You had 4 spell levels left.
You knew the following spells:

 Your Spells              Type           Power        Failure   Level  Hunger
a - Shock                 Conj/Air       ##..         4%          1    #......
b - Static Discharge      Conj/Air       ##......     13%         3    ###....


Dungeon Overview and Level Annotations

Branches:
Dungeon (3/15)

Altars:
Fedhas
Qazlal
Ru

Annotations:
D:3 Megalobster's ghost, amateur GnNe


Innate Abilities, Weirdness & Mutations

You cannot wear armour.
You are incapable of wielding weapons or throwing items.
Your paws allow you to move quietly. (Stealth)
You have sharp claws.
You have razor-sharp teeth.
You have supernaturally acute eyesight. (SInv)
You are carnivorous and can eat meat at any time.
You cover ground quickly.
You are covered in fur. (AC +1)
You have a slow metabolism.
Your sharp claws are effective at attacking unaware monsters.


Message History

g - an amulet of the acrobat (around neck)
You swing at nothing.
You don't know that spell.
Megalobster's ghost is struck by lightning.
The lightning grounds out.
Megalobster's ghost hits you.
You are lethally poisoned!
You take 6 damage, and have 12/18 hp.
MASSIVE DAMAGE!!
You now have 1/8 mp.
You feel sick.
You take 1 damage, and have 11/18 hp.
You feel sick.
You take 1 damage, and have 10/18 hp.
You feel sick.
You take 1 damage, and have 9/18 hp.
You feel sick.
You take 1 damage, and have 8/18 hp.
You feel sick.
Megalobster's ghost casts a spell at you.
Pain shoots through your body!
Ouch! That really hurt!
You die...

#.# ....... #.# #######
#W# ## #.# ########.
#####W# #........ #.....#
#.#.#####. #W#####
#.###.## ## #.# ########.#
##.## #.# #.@..W..## ##.#
#.# #.######.## ##.## #.#
#.#######.###.##### ##.##
#..........#.......
#..W####.#####.###.#.#####
#.#.........W..# ###.#
#...##(....##### #.#
######.#.#.# #.#
.....#.#########.#


You could see Megalobster's ghost.

Vanquished Creatures
  Jessica (D:2)
  Terence (D:2)
  3 adders
  An ooze (D:3)
  5 worms
  A leopard gecko (D:2)
  A giant cockroach (D:2)
  2 goblins (D:1)
  7 hobgoblins
  4 jackals (D:3)
  7 kobolds
  4 bats
  2 frilled lizards
  3 rats
42 creatures vanquished.

Notes
Turn   | Place    | Note
-------+----------+-------------------------------------------
     0 | D:1      | Kikal the Felid Air Elementalist began the quest for the Orb.
     0 | D:1      | Reached XP level 1. HP: 7/7 MP: 4/4
   259 | D:1      | Reached skill level 1 in Conjurations
   558 | D:1      | Reached skill level 3 in Air Magic
   737 | D:1      | Reached XP level 2. HP: 11/11 MP: 0/6
  1414 | D:2      | Noticed Jessica
  1423 | D:2      | Killed Jessica
  1423 | D:2      | Reached XP level 3. HP: 9/14 MP: 0/7
  1542 | D:2      | Learned a level 3 spell: Static Discharge
  1878 | D:2      | Found a sacrificial altar of Ru.
  2073 | D:2      | Found a stormy altar of Qazlal.
  2538 | D:2      | Reached XP level 4. HP: 14/18 MP: 1/8
  2887 | D:2      | Noticed Terence
  2934 | D:2      | Killed Terence
  3027 | D:2      | Upgraded the game from 0.22-a0-358-g7563fe7 to 0.22-a0-362-g535178c
  3226 | D:3      | Noticed Megalobster's ghost (amateur GnNe)
  3468 | D:3      | Found a blossoming altar of Fedhas.
  3472 | D:3      | Reached skill level 4 in Air Magic
  3672 | D:3      | Killed from afar by Megalobster's ghost
  3673 | D:3      | Reached XP level 3. HP: -4/14 MP: 0/7
  3745 | D:3      | Reached XP level 4. HP: 18/18 MP: 2/8
  3886 | D:3      | Killed from afar by Megalobster's ghost

Vault maps used:
D:1:      minmay_arrival_stone_box
D:2:      minmay_wonky_spiral, nicolae_ru_awakened_eye, lemuel_round_altar,
          grunt_decor_one_mirror, uniq_jessica, uniq_terence
D:3:      fedhas_altar_fruit_tree

Skill      XL: |  1  2  3  4 |
---------------+-------------+-----
Conjurations   | 1 2 |  2.8
Air Magic      | 3 4 |  4.0
Dodging        | |  2.6
Stealth        | |  2.6
Spellcasting   | |  2.5

Action                   |  1- 3 |  4- 6 || total
-------------------------+-------+-------++-------
Melee: Unarmed           |    36 |    10 ||    46
       Bite              |     2 |     1 ||     3
 Cast: Shock             |    94 |    71 ||   165
       Static Discharge  |       |     3 ||     3
  Use: Potion            |       |     2 ||     2
  Eat: Chunk             |    11 |     5 ||    16
Armor: Skin              |     4 |       ||     4
Dodge: Dodged            |    61 |    19 ||    80

Table legend:
 A = Spawn XP
 B = Non-spawn XP
 C = Spawn XP percentage of total XP
 D = Spawn monster count
 E = Non-spawn monster count
 F = Spawn count percentage of total count
 G = Total turns spent on level
                    A         B        C        D         E        F      G
               +---------+---------+-------+---------+---------+-------+---------
         Total |       0 |     198 |   0.0 |       0 |      42 |   0.0 |  3886
               +---------+---------+-------+---------+---------+-------+---------
           D:1 |       0 |      13 |   0.0 |       0 |       8 |   0.0 |  1302
           D:2 |       0 |     142 |   0.0 |       0 |      23 |   0.0 |  1981
           D:3 |       0 |      43 |   0.0 |       0 |      11 |   0.0 |   603
               +---------+---------+-------+---------+---------+-------+---------
